| TOP OF THE 1ST |
|
Pulaski Counts batting - Pitching for Blacksburg Tribe : RHP Israel Garcia
|
|
Pitching: RHP Israel Garcia
|
|
|
Batting: RHB Eric Jones
|
0-0: Swinging Strike 0-1: Called Strike 0-2: Strikes out looking
|
|
Batting: RHB Brett Benza
|
0-0: Ball 1-0: Ball 2-0: Ground out 4-3 (Groundball, 4, EV 86.3 MPH)
|
|
Batting: RHB Roberto Kelly
|
0-0: Called Strike 0-1: Swinging Strike 0-2: Ground out 5-3 (Groundball, 56S, EV 87.5 MPH)
|
| Top of the 1st over - 0 runs, 0 hits, 0 errors, 0 left on base; Pulaski 0 - Blacksburg 0 |
| BOTTOM OF THE 1ST |
|
Blacksburg Tribe batting - Pitching for Pulaski Counts : RHP Scott Gardner
|
|
Pitching: RHP Scott Gardner
|
|
|
Batting: RHB Jesus Alcala
|
0-0: Ball 1-0: Ball 2-0: Ground out 6-3 (Groundball, 6, EV 93.8 MPH)
|
|
Batting: RHB Omar Mora
|
0-0: Ball 1-0: Called Strike 1-1: Ground out 4-3 (Groundball, 4, EV 107.5 MPH)
|
|
Batting: RHB Jay Munson
|
0-0: Called Strike 0-1: Ball 1-1: Ball 2-1: Foul Ball, location: 2F 2-2: Ball 3-2: Fly out, F8 (Flyball, 89D, EV 103.1 MPH)
|
| Bottom of the 1st over - 0 runs, 0 hits, 0 errors, 0 left on base; Pulaski 0 - Blacksburg 0 |
| TOP OF THE 2ND |
|
Pulaski Counts batting - Pitching for Blacksburg Tribe : RHP Israel Garcia
|
|
Batting: RHB John DiGioia
|
0-0: Swinging Strike 0-1: Ball 1-1: Called Strike 1-2: Ground out 6-3 (Groundball, 6M, EV 103.1 MPH)
|
|
Batting: SHB Steve Walker
|
0-0: Fly out, F8 (Flyball, 8RS, EV 93.1 MPH)
|
|
Batting: RHB Jeffrey Ahlert
|
0-0: Ball 1-0: Ball 2-0: Ball 3-0: Called Strike 3-1: Fly out, F9 (Flyball, 9LM, EV 90.6 MPH)
|
| Top of the 2nd over - 0 runs, 0 hits, 0 errors, 0 left on base; Pulaski 0 - Blacksburg 0 |
| BOTTOM OF THE 2ND |
|
Blacksburg Tribe batting - Pitching for Pulaski Counts : RHP Scott Gardner
|
|
Batting: LHB George Cecchetti
|
0-0: Ball 1-0: Called Strike 1-1: Ball 2-1: Fly out, F6 (Popup, 6M, EV 58.1 MPH)
|
|
Batting: RHB Alwin Creel
|
0-0: Swinging Strike 0-1: Swinging Strike 0-2: Ground out 5-3 (Groundball, 56, EV 78.8 MPH)
|
|
Batting: SHB Luis Martinez
|
0-0: Ball 1-0: SINGLE (Groundball, 4MD, EV 95.6 MPH)
|
|
Batting: RHB Michael Lanum
|
0-0: Ball 1-0: Foul Ball, location: 2F 1-1: Ball 2-1: Foul Ball, location: 2F 2-2: Ball Luis Martinez steals 2nd base (no throw) 3-2: Base on Balls
|
|
Batting: RHB Angel Rodriguez
|
0-0: Called Strike 0-1: Swinging Strike 0-2: Ball 1-2: Ground out 6-3 (Groundball, 6M, EV 106.9 MPH)
|
| Bottom of the 2nd over - 0 runs, 1 hit, 0 errors, 2 left on base; Pulaski 0 - Blacksburg 0 |
| TOP OF THE 3RD |
|
Pulaski Counts batting - Pitching for Blacksburg Tribe : RHP Israel Garcia
|
|
Batting: RHB Elias Guzman
|
0-0: Ball 1-0: Ball 2-0: Ball 3-0: Base on Balls
|
|
Batting: LHB Jon Zureich
|
0-0: Foul Ball, location: 2F 0-1: Called Strike 0-2: Ball 1-2: Grounds into double play, 3-6-3 (Groundball, 3, EV 80.6 MPH)
|
|
Batting: RHB Dario Vasquez
|
0-0: Ball 1-0: SINGLE (Line Drive, 6MD, EV 98.8 MPH)
|
|
Batting: RHB Eric Jones
|
0-0: Ball 1-0: Ball 2-0: Called Strike 2-1: Ball 3-1: Base on Balls Dario Vasquez to second
|
|
Batting: RHB Brett Benza
|
0-0: Ball 1-0: Fly out, F4 (Popup, 4S, EV 86.9 MPH)
|
| Top of the 3rd over - 0 runs, 1 hit, 0 errors, 2 left on base; Pulaski 0 - Blacksburg 0 |
| BOTTOM OF THE 3RD |
|
Blacksburg Tribe batting - Pitching for Pulaski Counts : RHP Scott Gardner
|
|
Batting: RHB Dave Morris
|
0-0: Called Strike 0-1: SINGLE (Flyball, 9LS, EV 91.3 MPH)
|
|
Batting: RHB Jesus Alcala
|
0-0: Ball 1-0: Fielders Choice at 2nd, 6-4 (Groundball, 6, EV 85.6 MPH)
|
|
Batting: RHB Omar Mora
|
0-0: Ball 1-0: Ball 2-0: Foul Ball, location: 2F 2-1: Ball 3-1: Foul Ball, location: 2F 3-2: Fly out, F8 (Line Drive, 8LM, EV 104.4 MPH)
|
|
Batting: RHB Jay Munson
|
0-0: Called Strike 0-1: SINGLE (Flyball, 7LS, EV 93.8 MPH) Jesus Alcala to second
|
|
Batting: LHB George Cecchetti
|
0-0: Called Strike 0-1: Ball 1-1: Ground out 5-3 (Groundball, 56, EV 106.3 MPH)
|
| Bottom of the 3rd over - 0 runs, 2 hits, 0 errors, 2 left on base; Pulaski 0 - Blacksburg 0 |
| TOP OF THE 4TH |
|
Pulaski Counts batting - Pitching for Blacksburg Tribe : RHP Israel Garcia
|
|
Batting: RHB Roberto Kelly
|
0-0: Swinging Strike 0-1: Fly out, F8 (Flyball, 89D, EV 105.0 MPH)
|
|
Batting: RHB John DiGioia
|
0-0: Ball 1-0: Called Strike 1-1: Foul Ball, location: 2F 1-2: Ball 2-2: Foul Ball, location: 2F 2-2: Ball 3-2: Base on Balls
|
|
Batting: SHB Steve Walker
|
0-0: Ball 1-0: Ball 2-0: Called Strike 2-1: Foul Ball, location: 2F 2-2: Ball 3-2: Fielders Choice at 2nd, 6-4 (Groundball, 6, EV 98.8 MPH)
|
|
Batting: RHB Jeffrey Ahlert
|
0-0: Called Strike Steve Walker is caught stealing 2nd base 2-4
|
| Top of the 4th over - 0 runs, 0 hits, 0 errors, 0 left on base; Pulaski 0 - Blacksburg 0 |
| BOTTOM OF THE 4TH |
|
Blacksburg Tribe batting - Pitching for Pulaski Counts : RHP Scott Gardner
|
|
Batting: RHB Alwin Creel
|
0-0: Fly out, F9 (Flyball, 9S, EV 75.0 MPH)
|
|
Batting: SHB Luis Martinez
|
0-0: Ball 1-0: TRIPLE (Flyball, 9LD, EV 105.0 MPH)
|
|
Batting: RHB Michael Lanum
|
0-0: Ball 1-0: Foul Ball, location: 2F 1-1: Called Strike 1-2: Ball 2-2: Ball 3-2: Strikes out swinging
|
|
Batting: RHB Angel Rodriguez
|
0-0: Ball 1-0: SINGLE (Groundball, 25, EV 73.8 MPH) (infield hit) Luis Martinez scores
|
|
Batting: RHB Dave Morris
|
0-0: Called Strike Angel Rodriguez steals 2nd base 0-1: Ball 1-1: SINGLE (Flyball, 9LS, EV 93.8 MPH) Angel Rodriguez to third Runner from 3rd tries for Home, SAFE, throw by RF to home
|
|
Batting: RHB Jesus Alcala
|
0-0: Called Strike 0-1: Ball 1-1: Ball 2-1: Ball 3-1: Base on Balls Dave Morris to second
|
|
Batting: RHB Omar Mora
|
0-0: Ball 1-0: Ball 2-0: Foul Ball, location: 2F 2-1: Ground out 5-3 (Groundball, 56S, EV 90.0 MPH)
|
| Bottom of the 4th over - 2 runs, 3 hits, 0 errors, 2 left on base; Pulaski 0 - Blacksburg 2 |
| TOP OF THE 5TH |
|
Pulaski Counts batting - Pitching for Blacksburg Tribe : RHP Israel Garcia
|
|
Batting: RHB Jeffrey Ahlert
|
0-0: Foul Ball, location: 2F 0-1: Foul Ball, location: 2F 0-2: Ball 1-2: Ball 2-2: Fly out, F9 (Line Drive, 9, EV 98.1 MPH)
|
|
Batting: RHB Elias Guzman
|
0-0: Called Strike 0-1: Ground out 5-3 (Groundball, 56S, EV 88.8 MPH)
|
|
Batting: LHB Jon Zureich
|
0-0: Ball 1-0: Ball 2-0: Foul Ball, location: 2F 2-1: SINGLE (Popup, 4MD, EV 68.1 MPH)
|
|
Batting: RHB Dario Vasquez
|
0-0: Ball 1-0: Ball 2-0: Called Strike 2-1: SINGLE (Groundball, 5S, EV 69.4 MPH) (infield hit) Jon Zureich to second
|
|
Batting: RHB Eric Jones
|
0-0: Foul Ball, location: 2F 0-1: Foul Ball, location: 2F 0-2: Ball 1-2: Ground out U3 (Groundball, 3S, EV 70.0 MPH)
|
| Top of the 5th over - 0 runs, 2 hits, 0 errors, 2 left on base; Pulaski 0 - Blacksburg 2 |
| BOTTOM OF THE 5TH |
|
Blacksburg Tribe batting - Pitching for Pulaski Counts : RHP Scott Gardner
|
|
Batting: RHB Jay Munson
|
0-0: Ball 1-0: Foul Ball, location: 2F 1-1: Ground out 6-3 (Groundball, 56, EV 86.9 MPH)
|
|
Batting: LHB George Cecchetti
|
0-0: Ball 1-0: Called Strike 1-1: Swinging Strike 1-2: Strikes out swinging
|
|
Batting: RHB Alwin Creel
|
0-0: Ball 1-0: Ground out 6-3 (Groundball, 6S, EV 80.6 MPH)
|
| Bottom of the 5th over - 0 runs, 0 hits, 0 errors, 0 left on base; Pulaski 0 - Blacksburg 2 |
| TOP OF THE 6TH |
|
Pulaski Counts batting - Pitching for Blacksburg Tribe : RHP Israel Garcia
|
|
Batting: RHB Brett Benza
|
0-0: Ball 1-0: Ball 2-0: Called Strike 2-1: Ball 3-1: Foul Ball, location: 2F 3-2: SINGLE (Groundball, 56D, EV 93.8 MPH)
|
|
Batting: RHB Roberto Kelly
|
0-0: Ball 1-0: Ball 2-0: Foul Ball, location: 2F 2-1: Foul Ball, location: 2F 2-2: Strikes out swinging
|
|
Batting: RHB John DiGioia
|
0-0: Ball 1-0: Called Strike 1-1: Foul Ball, location: 2F 1-2: Strikes out swinging
|
|
Batting: SHB Steve Walker
|
0-0: Hit by Pitch Brett Benza to second
|
|
Batting: RHB Jeffrey Ahlert
|
0-0: Swinging Strike 0-1: Swinging Strike 0-2: Ball 1-2: Ball 2-2: SINGLE (Groundball, 6MD, EV 94.4 MPH) Brett Benza to third Steve Walker to second Runner from 3rd tries for Home, SAFE, throw by CF to home
|
|
Batting: RHB Elias Guzman
|
0-0: Ball 1-0: Swinging Strike 1-1: Called Strike 1-2: Strikes out swinging
|
| Top of the 6th over - 1 run, 2 hits, 0 errors, 2 left on base; Pulaski 1 - Blacksburg 2 |
| BOTTOM OF THE 6TH |
|
Blacksburg Tribe batting - Pitching for Pulaski Counts : RHP Scott Gardner
|
|
Batting: SHB Luis Martinez
|
0-0: Swinging Strike 0-1: Fly out, F7 (Flyball, 7LM, EV 83.8 MPH)
|
|
Batting: RHB Michael Lanum
|
0-0: Ball 1-0: Ball 2-0: SINGLE (Groundball, 56D, EV 100.0 MPH)
|
|
Batting: RHB Angel Rodriguez
|
0-0: Ball 1-0: Foul Ball, location: 2F 1-1: Ball 2-1: Fly out, F9 (Flyball, 9LS, EV 75.0 MPH)
|
|
Batting: RHB Dave Morris
|
0-0: Called Strike 0-1: Foul Ball, location: 2F 0-2: Foul Ball, location: 2F 0-2: Ball 1-2: Foul Ball, location: 2F 1-2: Ball 2-2: Ball 3-2: Fly out, F9 (Flyball, 9LS, EV 83.1 MPH)
|
| Bottom of the 6th over - 0 runs, 1 hit, 0 errors, 1 left on base; Pulaski 1 - Blacksburg 2 |
| TOP OF THE 7TH |
|
Pulaski Counts batting - Pitching for Blacksburg Tribe : RHP Israel Garcia
|
|
Batting: LHB Jon Zureich
|
0-0: Foul Ball, location: 2F 0-1: Ball 1-1: Foul Ball, location: 2F 1-2: Strikes out swinging
|
|
Batting: RHB Dario Vasquez
|
0-0: Swinging Strike 0-1: Ball 1-1: Ball 2-1: Ball 3-1: Foul Ball, location: 2F 3-2: Base on Balls
|
|
Batting: RHB Eric Jones
|
0-0: Ball 1-0: Fly out, F6 (Flyball, 56D, EV 75.0 MPH)
|
|
Batting: RHB Brett Benza
|
0-0: Ball Dario Vasquez steals 2nd base 1-0: Ball 2-0: Ball 3-0: Called Strike 3-1: Foul Ball, location: 2F 3-2: Fly out, F9 (Flyball, 89D, EV 91.3 MPH)
|
| Top of the 7th over - 0 runs, 0 hits, 0 errors, 1 left on base; Pulaski 1 - Blacksburg 2 |
| BOTTOM OF THE 7TH |
|
Blacksburg Tribe batting - Pitching for Pulaski Counts : RHP Scott Gardner
|
|
Batting: RHB Jesus Alcala
|
0-0: Ball 1-0: Ball 2-0: Ground out 4-3 (Groundball, 4, EV 94.4 MPH)
|
|
Batting: RHB Omar Mora
|
0-0: Ball 1-0: Called Strike 1-1: Swinging Strike 1-2: Ball 2-2: Ball 3-2: Strikes out swinging
|
|
Batting: RHB Jay Munson
|
0-0: Ball 1-0: Ball 2-0: Swinging Strike 2-1: Foul Ball, location: 2F 2-2: Foul Ball, location: 2F 2-2: Ball 3-2: Ground out 4-3 (Groundball, 4, EV 80.0 MPH)
|
| Bottom of the 7th over - 0 runs, 0 hits, 0 errors, 0 left on base; Pulaski 1 - Blacksburg 2 |
| TOP OF THE 8TH |
|
Pulaski Counts batting - Pitching for Blacksburg Tribe : RHP Israel Garcia
|
|
Batting: RHB Roberto Kelly
|
0-0: SOLO HOME RUN (Flyball, 7D, EV 102.5 MPH), Distance : 391 ft
|
|
Batting: RHB John DiGioia
|
0-0: Foul Ball, location: 2F 0-1: Fly out, F3 (Popup, 3SF, EV 85.0 MPH)
|
|
Batting: SHB Steve Walker
|
0-0: Swinging Strike 0-1: Swinging Strike 0-2: Ball 1-2: Foul Ball, location: 2F 1-2: Ball 2-2: Reached on error, E6 (Groundball, 6, EV 78.8 MPH)
|
|
Batting: RHB Jeffrey Ahlert
|
0-0: Ball Steve Walker is caught stealing 2nd base 2-4 1-0: Ground out 5-3 (Groundball, 15, EV 86.9 MPH)
|
| Top of the 8th over - 1 run, 1 hit, 1 error, 0 left on base; Pulaski 2 - Blacksburg 2 |
| BOTTOM OF THE 8TH |
|
Blacksburg Tribe batting - Pitching for Pulaski Counts : RHP Scott Gardner
|
|
Batting: LHB George Cecchetti
|
0-0: Ball 1-0: Ball 2-0: Ball 3-0: Base on Balls
|
|
Batting: RHB Alwin Creel
|
0-0: Called Strike George Cecchetti steals 2nd base 0-1: Ball 1-1: Ground out 6-3 (Groundball, 6, EV 106.9 MPH)
|
|
Batting: SHB Luis Martinez
|
0-0: Intentional Walk
|
|
Batting: RHB Michael Lanum
|
0-0: Ball George Cecchetti steals 3rd, throwing error, E2 George Cecchetti scores Luis Martinez to third 1-0: Ball 2-0: Ball 3-0: Called Strike 3-1: Base on Balls
|
|
Batting: RHB Angel Rodriguez
|
0-0: Ball 1-0: Fly out, F9 (Flyball, 9, EV 88.1 MPH) Runner from 3rd tags up, SCORES, no throw by RF
|
|
Batting: RHB Dave Morris
|
0-0: Ball 1-0: Fly out, F8 (Flyball, 8LXD, EV 101.9 MPH)
|
| Bottom of the 8th over - 2 runs, 0 hits, 1 error, 1 left on base; Pulaski 2 - Blacksburg 4 |
| TOP OF THE 9TH |
|
Pulaski Counts batting - Pitching for Blacksburg Tribe : RHP Israel Garcia
|
|
Pitching: RHP Ray Soff
|
|
|
Batting: RHB Elias Guzman
|
0-0: Ball 1-0: Called Strike 1-1: Ball 2-1: Called Strike 2-2: Foul Ball, location: 2F 2-2: Fly out, F7 (Line Drive, 7, EV 89.4 MPH)
|
|
Batting: LHB Jon Zureich
|
0-0: Called Strike 0-1: Ball 1-1: Ball 2-1: Ground out 4-3 (Groundball, 4, EV 96.9 MPH)
|
|
Batting: RHB Dario Vasquez
|
0-0: Ball 1-0: Ball 2-0: Ground out 6-3 (Groundball, 6, EV 92.5 MPH)
|
| Top of the 9th over - 0 runs, 0 hits, 0 errors, 0 left on base; Pulaski 2 - Blacksburg 4 |
|